| TOP OF THE 1ST |
|
Spokane Indians batting - Pitching for Los Angeles (NYP) Angels : LHP Nassim Toussaint
|
|
Pitching: LHP Nassim Toussaint
|
|
|
Batting: LHB Brian Gray
|
0-0: Ball 1-0: Ball 2-0: Foul Ball, location: 2F 2-1: Foul Ball, location: 2F 2-2: Ball 3-2: SINGLE (Line Drive, 6MD, EV 107.5 MPH)
|
|
Batting: RHB Ron Corn
|
0-0: Called Strike 0-1: Ball 1-1: Fielders Choice at 2nd, 4-6 (Groundball, 4, EV 98.8 MPH)
|
|
Batting: RHB Matthew Starr
|
0-0: Called Strike Ron Corn steals 2nd base 0-1: Ground out 5-3 (Groundball, 56, EV 100.0 MPH)
|
|
Batting: RHB Kevin Whitenack
|
0-0: Swinging Strike 0-1: Ball 1-1: Ball 2-1: Swinging Strike 2-2: Ball 3-2: Foul Ball, location: 2F 3-2: Fly out, F9 (Flyball, 89S, EV 85.0 MPH)
|
| Top of the 1st over - 0 runs, 1 hit, 0 errors, 1 left on base; Spokane 0 - Los Angeles (NYP) 0 |
| BOTTOM OF THE 1ST |
|
Los Angeles (NYP) Angels batting - Pitching for Spokane Indians : RHP Mario Vizcaya
|
|
Pitching: RHP Mario Vizcaya
|
|
|
Batting: RHB Joe Hewitt
|
0-0: Called Strike 0-1: Ball 1-1: Ball 2-1: Ball 3-1: Foul Ball, location: 2F 3-2: Foul Ball, location: 2F 3-2: Strikes out looking
|
|
Batting: RHB Arnaud Derosiers
|
0-0: Ball 1-0: Fly out, F8 (Flyball, 8LS, EV 90.0 MPH)
|
|
Batting: RHB Dean LeCroy
|
0-0: Ball 1-0: Ball 2-0: Ball 3-0: Base on Balls
|
|
Batting: RHB Dan Burkhart
|
0-0: Ball 1-0: Ball 2-0: Fielders Choice at 2nd, 6-4 (Groundball, 6D, EV 83.8 MPH)
|
| Bottom of the 1st over - 0 runs, 0 hits, 0 errors, 1 left on base; Spokane 0 - Los Angeles (NYP) 0 |
| TOP OF THE 2ND |
|
Spokane Indians batting - Pitching for Los Angeles (NYP) Angels : LHP Nassim Toussaint
|
|
Batting: RHB Salvador Caldera
|
0-0: Called Strike 0-1: Ball 1-1: Fly out, F8 (Flyball, 78D, EV 104.4 MPH)
|
|
Batting: RHB Tony Rivera
|
0-0: Called Strike 0-1: Swinging Strike 0-2: Foul Ball, location: 2F 0-2: Ball 1-2: Strikes out swinging
|
|
Batting: RHB Zach Koblinski
|
0-0: Ball 1-0: Called Strike 1-1: Ball 2-1: Ball 3-1: Called Strike 3-2: Fly out, F8 (Flyball, 8LD, EV 94.4 MPH)
|
| Top of the 2nd over - 0 runs, 0 hits, 0 errors, 0 left on base; Spokane 0 - Los Angeles (NYP) 0 |
| BOTTOM OF THE 2ND |
|
Los Angeles (NYP) Angels batting - Pitching for Spokane Indians : RHP Mario Vizcaya
|
|
Batting: RHB Juan Rosa
|
0-0: Called Strike 0-1: Ball 1-1: Ball 2-1: Ground out 4-3 (Groundball, 4, EV 81.2 MPH)
|
|
Batting: LHB Bill Girton
|
0-0: Called Strike 0-1: Called Strike 0-2: Ground out 5-3 (Groundball, 25, EV 85.6 MPH)
|
|
Batting: LHB Alberto Carrillo
|
0-0: Ball 1-0: Ground out 6-3 (Groundball, 6, EV 89.4 MPH)
|
| Bottom of the 2nd over - 0 runs, 0 hits, 0 errors, 0 left on base; Spokane 0 - Los Angeles (NYP) 0 |
| TOP OF THE 3RD |
|
Spokane Indians batting - Pitching for Los Angeles (NYP) Angels : LHP Nassim Toussaint
|
|
Batting: RHB Gabe Almazan
|
0-0: Swinging Strike 0-1: Fly out, F8 (Flyball, 89XD, EV 92.5 MPH)
|
|
Pitching: LHP Paul Griffin
|
|
|
Batting: RHB Rich Thurman
|
0-0: Ball 1-0: Foul Ball, location: 2F 1-1: Ground out 4-3 (Groundball, 4, EV 111.2 MPH)
|
|
Batting: LHB Brian Gray
|
0-0: Ball 1-0: Ball 2-0: Called Strike 2-1: Fly out, F8 (Flyball, 8LD, EV 98.8 MPH)
|
| Top of the 3rd over - 0 runs, 0 hits, 0 errors, 0 left on base; Spokane 0 - Los Angeles (NYP) 0 |
| BOTTOM OF THE 3RD |
|
Los Angeles (NYP) Angels batting - Pitching for Spokane Indians : RHP Mario Vizcaya
|
|
Batting: RHB David Rhodes
|
0-0: Ball 1-0: Called Strike 1-1: Ground out 5-3 (Groundball, 56, EV 88.1 MPH)
|
|
Batting: RHB Ron Major
|
0-0: Foul Ball, location: 2F 0-1: Ball 1-1: Swinging Strike 1-2: Ball 2-2: Ground out 4-3 (Groundball, 34, EV 103.8 MPH)
|
|
Batting: RHB Joe Hewitt
|
0-0: Ground out U3 (Groundball, 34, EV 90.0 MPH)
|
| Bottom of the 3rd over - 0 runs, 0 hits, 0 errors, 0 left on base; Spokane 0 - Los Angeles (NYP) 0 |
| TOP OF THE 4TH |
|
Spokane Indians batting - Pitching for Los Angeles (NYP) Angels : LHP Paul Griffin
|
|
Batting: RHB Ron Corn
|
0-0: Swinging Strike 0-1: SINGLE (Groundball, P, EV 80.0 MPH) (infield hit)
|
|
Batting: RHB Matthew Starr
|
0-0: Ball 1-0: Ball 2-0: Ball 3-0: Base on Balls Ron Corn to second
|
|
Batting: RHB Kevin Whitenack
|
0-0: Called Strike 0-1: Swinging Strike 0-2: Foul Ball, location: 2F 0-2: Fly out, F9 (Flyball, 9D, EV 85.6 MPH) Runner from 2nd tags up, SAFE at 3rd, no throw by RF
|
|
Batting: RHB Salvador Caldera
|
0-0: Ball 1-0: Hit by Pitch Matthew Starr to second
|
|
Batting: RHB Tony Rivera
|
0-0: Ball 1-0: Called Strike 1-1: Swinging Strike 1-2: Strikes out looking
|
|
Batting: RHB Zach Koblinski
|
0-0: Called Strike 0-1: Ball 1-1: Ball 2-1: SINGLE (Line Drive, 89S, EV 105.0 MPH) Ron Corn scores Matthew Starr to third Salvador Caldera to second Runner from 3rd tries for Home, SAFE, throw by RF to home
|
|
Batting: RHB Gabe Almazan
|
0-0: Called Strike 0-1: Swinging Strike 0-2: Ball 1-2: Strikes out swinging
|
| Top of the 4th over - 2 runs, 2 hits, 0 errors, 2 left on base; Spokane 2 - Los Angeles (NYP) 0 |
| BOTTOM OF THE 4TH |
|
Los Angeles (NYP) Angels batting - Pitching for Spokane Indians : RHP Mario Vizcaya
|
|
Batting: RHB Arnaud Derosiers
|
0-0: Ball 1-0: Ball 2-0: Foul Ball, location: 2F 2-1: Swinging Strike 2-2: DOUBLE (Line Drive, 9LS, EV 93.8 MPH)
|
|
Batting: RHB Dean LeCroy
|
Balk! Arnaud Derosiers to third 0-0: Ball 1-0: Swinging Strike 1-1: Ball 2-1: Fly out, F7 (Flyball, 78S, EV 82.5 MPH)
|
|
Batting: RHB Dan Burkhart
|
0-0: Called Strike 0-1: Ball 1-1: Ball 2-1: Ball Wild Pitch! Arnaud Derosiers scores 3-1: SINGLE (Groundball, 56D, EV 101.2 MPH)
|
|
Batting: RHB Juan Rosa
|
0-0: Called Strike 0-1: Called Strike Dan Burkhart steals 2nd base 0-2: Ball 1-2: Ball 2-2: Ground out 6-3 (Groundball, 6, EV 90.0 MPH) Dan Burkhart to third
|
|
Batting: LHB Bill Girton
|
0-0: Ball Passed Ball! Dan Burkhart scores 1-0: Foul Ball, location: 2F 1-1: Called Strike 1-2: Strikes out swinging, 2-3 out at first.
|
| Bottom of the 4th over - 2 runs, 2 hits, 0 errors, 0 left on base; Spokane 2 - Los Angeles (NYP) 2 |
| TOP OF THE 5TH |
|
Spokane Indians batting - Pitching for Los Angeles (NYP) Angels : LHP Paul Griffin
|
|
Batting: RHB Rich Thurman
|
0-0: Called Strike 0-1: Ground out 5-3 (Groundball, 56S, EV 86.2 MPH)
|
|
Pinch Hitting: RHB Dale Aubrey
|
0-0: Fly out, F8 (Line Drive, 8LD, EV 95.6 MPH)
|
|
Batting: RHB Ron Corn
|
0-0: Ball 1-0: Swinging Strike 1-1: Fly out, F8 (Line Drive, 8RD, EV 85.6 MPH)
|
| Top of the 5th over - 0 runs, 0 hits, 0 errors, 0 left on base; Spokane 2 - Los Angeles (NYP) 2 |
| BOTTOM OF THE 5TH |
|
Los Angeles (NYP) Angels batting - Pitching for Spokane Indians : RHP Mario Vizcaya
|
|
Now in LF: Dale Aubrey
|
|
|
Batting: LHB Alberto Carrillo
|
0-0: Called Strike 0-1: Foul Ball, location: 2F 0-2: Ball 1-2: Foul Ball, location: 2F 1-2: Fly out, F7 (Line Drive, 78M, EV 91.9 MPH)
|
|
Batting: RHB David Rhodes
|
0-0: Called Strike 0-1: Foul Ball, location: 2F 0-2: Strikes out looking
|
|
Batting: RHB Ron Major
|
0-0: Called Strike 0-1: Swinging Strike 0-2: Foul Ball, location: 2F 0-2: Foul Ball, location: 2F 0-2: Foul Ball, location: 2F 0-2: Ground out 1-3 (Groundball, 15S, EV 70.0 MPH)
|
| Bottom of the 5th over - 0 runs, 0 hits, 0 errors, 0 left on base; Spokane 2 - Los Angeles (NYP) 2 |
| TOP OF THE 6TH |
|
Spokane Indians batting - Pitching for Los Angeles (NYP) Angels : LHP Paul Griffin
|
|
Batting: RHB Matthew Starr
|
0-0: Foul Ball, location: 2F 0-1: Ball 1-1: Ball 2-1: Hit by Pitch
|
|
Batting: RHB Kevin Whitenack
|
0-0: Foul Ball, location: 2F 0-1: Ball 1-1: Ball 2-1: Ball 3-1: Base on Balls Matthew Starr to second
|
|
Batting: RHB Salvador Caldera
|
0-0: Ball 1-0: Ball 2-0: Ball 3-0: Called Strike 3-1: Base on Balls Matthew Starr to third Kevin Whitenack to second
|
|
Batting: RHB Tony Rivera
|
0-0: Ball 1-0: Ball 2-0: Called Strike 2-1: Foul Ball, location: 2F 2-2: Ball 3-2: Base on Balls Matthew Starr scores Kevin Whitenack to third Salvador Caldera to second
|
|
Pitching: RHP Eli Mercedes
|
|
|
Batting: RHB Zach Koblinski
|
0-0: Swinging Strike 0-1: TRIPLE (Flyball, 78XD, EV 104.4 MPH) Kevin Whitenack scores Salvador Caldera scores Tony Rivera scores
|
|
Batting: RHB Gabe Almazan
|
0-0: Called Strike 0-1: Foul Ball, location: 2F 0-2: Strikes out looking
|
|
Batting: RHB Rich Thurman
|
0-0: Ball 1-0: Ball 2-0: Ball 3-0: Called Strike 3-1: Ground out 4-3 (Groundball, 4, EV 104.4 MPH) Zach Koblinski scores
|
|
Batting: RHB Dale Aubrey
|
0-0: Ball 1-0: Ball 2-0: Called Strike 2-1: Ball 3-1: Foul Ball, location: 2F 3-2: Foul Ball, location: 2F 3-2: Strikes out swinging
|
| Top of the 6th over - 5 runs, 1 hit, 0 errors, 0 left on base; Spokane 7 - Los Angeles (NYP) 2 |
| BOTTOM OF THE 6TH |
|
Los Angeles (NYP) Angels batting - Pitching for Spokane Indians : RHP Mario Vizcaya
|
|
Batting: RHB Joe Hewitt
|
0-0: Ball 1-0: Ground out 4-3 (Groundball, 34, EV 102.5 MPH)
|
|
Batting: RHB Arnaud Derosiers
|
0-0: Swinging Strike 0-1: Ball 1-1: Ball 2-1: Foul Ball, location: 2F 2-2: Ball 3-2: Foul Ball, location: 2F 3-2: Strikes out swinging
|
|
Batting: RHB Dean LeCroy
|
0-0: Ball 1-0: Called Strike 1-1: Ball 2-1: Ball 3-1: Foul Ball, location: 2F 3-2: Ground out 6-3 (Groundball, 6, EV 109.4 MPH)
|
| Bottom of the 6th over - 0 runs, 0 hits, 0 errors, 0 left on base; Spokane 7 - Los Angeles (NYP) 2 |
| TOP OF THE 7TH |
|
Spokane Indians batting - Pitching for Los Angeles (NYP) Angels : RHP Eli Mercedes
|
|
Batting: RHB Ron Corn
|
0-0: Ground out 4-3 (Groundball, 34, EV 103.1 MPH)
|
|
Batting: RHB Matthew Starr
|
0-0: Ball 1-0: Swinging Strike 1-1: Ball 2-1: Fly out, F8 (Flyball, 8RD, EV 106.2 MPH)
|
|
Batting: RHB Kevin Whitenack
|
0-0: Called Strike 0-1: Ground out 5-3 (Groundball, 5, EV 98.1 MPH)
|
| Top of the 7th over - 0 runs, 0 hits, 0 errors, 0 left on base; Spokane 7 - Los Angeles (NYP) 2 |
| BOTTOM OF THE 7TH |
|
Los Angeles (NYP) Angels batting - Pitching for Spokane Indians : RHP Mario Vizcaya
|
|
Batting: RHB Dan Burkhart
|
0-0: Ball 1-0: Ground out 3-1 (Groundball, 34, EV 96.2 MPH)
|
|
Batting: RHB Juan Rosa
|
0-0: Ball 1-0: Ball 2-0: Swinging Strike 2-1: Fly out, F7 (Flyball, 7D, EV 103.8 MPH)
|
|
Batting: LHB Bill Girton
|
0-0: Called Strike 0-1: Ball 1-1: Ground out U3 (Groundball, 34, EV 106.9 MPH)
|
| Bottom of the 7th over - 0 runs, 0 hits, 0 errors, 0 left on base; Spokane 7 - Los Angeles (NYP) 2 |
| TOP OF THE 8TH |
|
Spokane Indians batting - Pitching for Los Angeles (NYP) Angels : RHP Eli Mercedes
|
|
Batting: RHB Salvador Caldera
|
0-0: Swinging Strike 0-1: Called Strike 0-2: Strikes out looking
|
|
Batting: RHB Tony Rivera
|
0-0: Called Strike 0-1: Called Strike 0-2: Strikes out swinging
|
|
Batting: RHB Zach Koblinski
|
0-0: Called Strike 0-1: Swinging Strike 0-2: Foul Ball, location: 2F 0-2: Strikes out swinging
|
| Top of the 8th over - 0 runs, 0 hits, 0 errors, 0 left on base; Spokane 7 - Los Angeles (NYP) 2 |
| BOTTOM OF THE 8TH |
|
Los Angeles (NYP) Angels batting - Pitching for Spokane Indians : RHP Mario Vizcaya
|
|
Batting: LHB Alberto Carrillo
|
0-0: Ball 1-0: Ball 2-0: SINGLE (Groundball, 56D, EV 98.1 MPH)
|
|
Batting: RHB David Rhodes
|
0-0: Called Strike 0-1: Ball 1-1: Ball 2-1: Swinging Strike 2-2: Strikes out swinging
|
|
Batting: RHB Ron Major
|
0-0: Called Strike 0-1: Ball 1-1: Ground out 5-3 (Groundball, 56S, EV 70.0 MPH) Alberto Carrillo to second
|
|
Pitching: LHP Zachary DeVault
|
|
|
Batting: RHB Joe Hewitt
|
0-0: Foul Ball, location: 2F 0-1: TRIPLE (Flyball, 89XD, EV 110.6 MPH) Alberto Carrillo scores
|
|
Pinch Runner at 3rd Khalil Thurston:
|
|
|
Batting: RHB Arnaud Derosiers
|
0-0: SINGLE (Line Drive, 8LS, EV 105.6 MPH) Khalil Thurston scores
|
|
Batting: RHB Dean LeCroy
|
0-0: Called Strike 0-1: Called Strike 0-2: Foul Ball, location: 2F 0-2: Hit by Pitch Arnaud Derosiers to second
|
|
Batting: RHB Dan Burkhart
|
0-0: Called Strike 0-1: Ball 1-1: Called Strike 1-2: Foul Ball, location: 2F 1-2: Foul Ball, location: 2F 1-2: Ball 2-2: Strikes out swinging
|
| Bottom of the 8th over - 2 runs, 3 hits, 0 errors, 2 left on base; Spokane 7 - Los Angeles (NYP) 4 |
| TOP OF THE 9TH |
|
Spokane Indians batting - Pitching for Los Angeles (NYP) Angels : RHP Eli Mercedes
|
|
Now in LF: Khalil Thurston
|
|
|
Pinch Hitting: LHB Gabriel Graves
|
0-0: Ball 1-0: Ball 2-0: Called Strike 2-1: Ball 3-1: Ground out 4-3 (Groundball, 4, EV 105.6 MPH)
|
|
Batting: RHB Rich Thurman
|
0-0: Swinging Strike 0-1: Foul Ball, location: 2F 0-2: Ball 1-2: Ground out 1-3 (Groundball, P, EV 70.0 MPH)
|
|
Batting: RHB Dale Aubrey
|
0-0: Ball 1-0: Called Strike 1-1: SINGLE (Flyball, 3D, EV 83.8 MPH)
|
|
Batting: RHB Ron Corn
|
0-0: Called Strike Dale Aubrey steals 2nd base 0-1: Ball 1-1: Foul Ball, location: 2F 1-2: Foul Ball, location: 2F 1-2: Ball 2-2: Foul Ball, location: 2F 2-2: Fly out, F3 (Popup, 3S, EV 77.5 MPH)
|
| Top of the 9th over - 0 runs, 1 hit, 0 errors, 1 left on base; Spokane 7 - Los Angeles (NYP) 4 |
| BOTTOM OF THE 9TH |
|
Los Angeles (NYP) Angels batting - Pitching for Spokane Indians : LHP Zachary DeVault
|
|
Pitching: RHP Arturo Vargas
|
|
|
Now at 2B: Gabriel Graves
|
|
|
Batting: RHB Juan Rosa
|
0-0: Ball 1-0: Ball 2-0: Swinging Strike 2-1: Called Strike 2-2: Ball 3-2: Strikes out swinging
|
|
Batting: LHB Bill Girton
|
0-0: Ball 1-0: Ground out U3 (Groundball, 3S, EV 81.9 MPH)
|
|
Batting: LHB Alberto Carrillo
|
0-0: Ball 1-0: SINGLE (Groundball, 25, EV 63.8 MPH) (infield hit)
|
|
Batting: RHB David Rhodes
|
0-0: Ball 1-0: Ball 2-0: Ball 3-0: Called Strike 3-1: Called Strike 3-2: Strikes out swinging
|
| Bottom of the 9th over - 0 runs, 1 hit, 0 errors, 1 left on base; Spokane 7 - Los Angeles (NYP) 4 |
|